 Dungeon Crawl Stone Soup version 0.27-a0-29-g2d0a2396b0 (webtiles) character file.

Game seed: 4740595302107477853

98 pkoi the Ruffian (level 4, -1/38 HPs)
             Began as a Draconian Monk on Jan 4, 2021.
             Slain by Crazy Yiuf
             ... wielding a +2 quarterstaff of chaos
              (10 damage)
             ... on level 2 of the Dungeon.
             The game lasted 00:01:22 (1873 turns).

pkoi the Ruffian (Draconian Monk)                   Turns: 1873, Time: 00:01:23

Health: -1/38      AC:  5    Str: 14    XL:     4   Next: 44%
Magic:  4/4        EV: 13    Int: 11    God:
Gold:   51         SH:  0    Dex: 15    Spells: 3/3 levels left

rFire    . . .     SeeInvis .     - Unarmed
rCold    . . .     Faith    .   (no shield)
rNeg     . . .     Spirit   .   (armour unavailable)
rPois    .         Reflect  .   (helmet restricted)
rElec    .         Harm     .   (no cloak)
rCorr    .         Rampage  .   (no gloves)
Will     .....                  (no boots)
Stlth    ++........             (no amulet)
HPRegen  0.12/turn              (no ring)
MPRegen  0.09/turn              (no ring)

@: lethally poisoned (-1 -> -7)
A: unfitting armour, stinger 1, agile 1, wild magic 1, cold-blooded, AC +5
a: no special abilities


You were on level 2 of the Dungeon.
You visited 1 branch of the dungeon, and saw 2 of its levels.

You collected 51 gold pieces.

Inventory:

Scrolls
 a - 4 scrolls of identify {unknown}
 b - 2 scrolls of teleportation {unknown}
 c - a scroll of noise {unknown}
 d - 2 scrolls of remove curse {unknown}
 e - a scroll of fog {unknown}
 f - a scroll of immolation {unknown}
 h - a scroll of fear {unknown}
Potions
 g - a potion of mutation


   Skills:
 - Level 3.2 Fighting
 - Level 2.6 Dodging
 - Level 1.7 Stealth
 + Level 5.3 Unarmed Combat


You had 3 spell levels left.
You didn't know any spells.
Your spell library was empty.

Dungeon Overview and Level Annotations

Branches:
Dungeon (2/15)

Altars:
Kikubaaqudgha
Qazlal
Vehumet

Annotations:
D:2 Crazy Yiuf


Innate Abilities, Weirdness & Mutations

Your plain brown scales are hard. (AC +5)
You cannot fit into any form of body armour.
You are cold-blooded and may be slowed by cold attacks.
Your tail ends in a poisonous barb.
You are agile. (Dex +2)
Your spells are a little harder to cast, but a little more powerful.


Message History

You hit Crazy Yiuf.
Your tail-slap misses Crazy Yiuf.
Crazy Yiuf is lightly wounded.
You feel sick.
Crazy Yiuf hits you with a +2 quarterstaff of chaos.
You feel yourself slow down. Crazy Yiuf freezes you.
You barely miss Crazy Yiuf.
You tail-slap Crazy Yiuf, but do no damage.
Crazy Yiuf is lightly wounded.
You feel sick. Crazy Yiuf closely misses you.
Crazy Yiuf hits you with a +2 quarterstaff of chaos!
* * * LOW HITPOINT WARNING * * *
You barely miss Crazy Yiuf.
Crazy Yiuf is lightly wounded.
You feel yourself speed up.
You feel sick. Crazy Yiuf misses you.
You hit Crazy Yiuf. You tail-slap Crazy Yiuf.
Crazy Yiuf is poisoned.
Crazy Yiuf is moderately wounded.
Crazy Yiuf says, "Walk!
Pitchfork light spinner."
Crazy Yiuf hits you but does no damage. Space warps horribly around you!
You die...

#.######.....#.######.......#
#.# ###.....# ###..<......
#.# ####..# #).......... #.#
#### ##.......... #.#
#.......... #.# #..........
#.###♣♣ #### #.[........
#...#P♣♣ ♣♣#..)# #..........
#....P.♣♣♣♣.@g..# #.....#####
##....P.♣..♣#...# #.......#
##.#..♣.♣♣♣ #### #..####.#
###♣♣♣♣♣ #..# #.# #(.####.###
############.(.......<
#....#)..##.#.........
#....#......#.........
#.....................


You could see Crazy Yiuf (poisoned).

Vanquished Creatures
  An adder (D:2)
  3 gnolls (D:2)
  2 dart slugs
  A leopard gecko (D:2)
  5 ball pythons
  6 bats
  3 giant cockroaches
  7 hobgoblins
  4 jackals (D:1)
  5 kobolds
  A quokka (D:2)
  A frilled lizard (D:1)
  8 goblins
  6 rats
53 creatures vanquished.

Notes
Turn   | Place    | Note
-------+----------+-------------------------------------------
     0 | D:1      | pkoi the Draconian Monk began the quest for the Orb.
     0 | D:1      | Reached XP level 1. HP: 19/19 MP: 1/1
   196 | D:1      | Reached XP level 2. HP: 26/26 MP: 2/2
   315 | D:1      | Reached skill level 4 in Unarmed Combat
   418 | D:1      | Reached XP level 3. HP: 31/31 MP: 3/3
   818 | D:1      | Found an ancient bone altar of Kikubaaqudgha.
  1097 | D:2      | Found a radiant altar of Vehumet.
  1103 | D:2      | Found a stormy altar of Qazlal.
  1245 | D:2      | Found a runed translucent door.
  1246 | D:2      | Noticed Crazy Yiuf
  1304 | D:2      | Reached XP level 4. HP: 18/38 MP: 4/4
  1309 | D:2      | Reached skill level 5 in Unarmed Combat
  1313 | D:2      | Gained mutation: Your spells are a little harder to cast,
                  | but a little more powerful. [potion of mutation]
  1313 | D:2      | Gained mutation: You are agile. (Dex +2) [potion of
                  | mutation]
  1313 | D:2      | Gained mutation: Your tail ends in a poisonous barb.
                  | [potion of mutation]
  1873 | D:2      | Slain by Crazy Yiuf

Illustrated notes

Levels and vault maps discovered:
D:1:      dpeg_arrival_water_altar, layout_loops_ring, minmay_shallow_snake_nest
D:2:      layout_rooms, grunt_temple_overflow_open, serial_bayou_ford_a,
          uniq_crazy_yiuf_cottage

Skill      XL: |  1  2  3  4 |
---------------+-------------+-----
Unarmed Combat | 4 5 |  5.3
Fighting       | |  3.2
Dodging        | |  2.6
Stealth        | |  1.7

Action                   |  1- 3 |  4- 6 || total
-------------------------+-------+-------++-------
Melee: Unarmed           |   152 |    21 ||   173
       Tailslap          |    14 |     4 ||    18
       Punch             |     4 |     1 ||     5
  Use: Potion            |       |     1 ||     1
 Stab: Sleeping          |     3 |       ||     3
       Distracted        |     1 |       ||     1
Armor: Skin              |    47 |     1 ||    48
Dodge: Dodged            |    92 |    10 ||   102

Table legend: (Time is in decaauts)
 A = Elapsed time spent in this place.
 B = Non-inter-level travel time spent in this place.
 C = Inter-level travel time spent in this place.
 D = Time resting spent in this place.
 E = Time spent auto-exploring this place.
 F = Levels seen in this place.
 G = Mean time per level.
                   A        B        C        D        E       F      G
               +--------+--------+--------+--------+--------+-----+--------+
         Total |   1871 |   1833 |     38 |    127 |   1372 |   2 |  935.5 |
       Dungeon |   1871 |   1833 |     38 |    127 |   1372 |   2 |  935.5 |
               +--------+--------+--------+--------+--------+-----+--------+

Top non-repeatable levels by time:
     D:2: 1013 daAuts
     D:1: 857 daAuts
